[Event "Titled Tuesday Blitz May 24 Early 2022"]
[White "Sjugirov, Sanan"]
[Black "Gracia Alvarez, Gerardo Antonio"]
[WhiteFideId "4189302"]
[BlackFideId "5109124"]
[WhiteElo "2602"]
[BlackElo "2139"]
[Result "1-0"]
[Round "01"]
[TimeControl "180+1"]
[Date "2022.05.24"]
[WhiteClock "0:00:39"]
[BlackClock "0:00:06"]

1. e4 c5 2. Nc3 Nc6 3. Nge2 g6 4. d4 cxd4 5. Nxd4 Bg7 6. Be3 Nf6 7. Bc4 O-O 8. Bb3 Re8 9. O-O d6 10. h3 Na5 11. f4 b6 12. e5 Nxb3 13. axb3 dxe5 14. fxe5 Nd5 15. Qf3 Nxe3 16. Qxe3 Bb7 17. Rad1 Qc7 18. Qf2 Rf8 19. e6 f5 20. Ndb5 Qc6 21. Rd7 Ba6 22. Rc7 Qxe6 23. Re1 Be5 24. Qe3 Rad8 25. Qxe5 1-0


[Site "https://www.chess.com"]

[Event "Titled Tuesday Blitz May 24 Early 2022"]
[White "Skuhala, Barbara"]
[Black "Melikyan, Gnel"]
[WhiteFideId "14605465"]
[BlackFideId "54109990"]
[WhiteElo "2155"]
[BlackElo "1772"]
[Result "1-0"]
[Round "01"]
[TimeControl "180+1"]
[Date "2022.05.25"]
[WhiteClock "0:01:49"]
[BlackClock "0:00:04"]

1. e4 c5 2. Nf3 Nc6 3. Bb5 g6 4. O-O Bg7 5. c3 Nf6 6. Re1 O-O 7. Ba4 e6 8. d4 cxd4 9. cxd4 d5 10. e5 Ne4 11. Nc3 Nxc3 12. bxc3 Na5 13. Bb3 b6 14. Bg5 Qc7 15. Qd2 Re8 16. Bf6 Bf8 17. Rac1 Ba6 18. Qf4 Bc4 19. Bxc4 Nxc4 20. Qh4 a5 21. Ng5 h6 22. Nf3 b5 23. g4 b4 24. Qg3 bxc3 25. Rxc3 Rab8 26. h4 Rb2 27. h5 g5 28. Nxg5 hxg5 29. Bxg5 Reb8 30. Bf6 Rxa2 31. Qf4 Kh7 32. g5 Bg7 33. g6+ fxg6 34. hxg6+ Kg8 35. Qh4 Nd2 36. Rh3 Bxf6 37. exf6 1-0


[Site "https://www.chess.com"]

[Event "Titled Tuesday Blitz May 24 Early 2022"]
[White "Sokolovsky, Yahli"]
[Black "Kostiukov, Alexandr"]
[WhiteFideId "2820242"]
[BlackFideId "14108100"]
[WhiteElo "1770"]
[BlackElo "2202"]
[Result "1-0"]
[Round "01"]
[TimeControl "180+1"]
[Date "2022.05.25"]
[WhiteClock "0:00:22"]
[BlackClock "0:00:08"]

1. b3 Nf6 2. Bb2 g6 3. d4 Bg7 4. Nf3 O-O 5. g3 c5 6. d5 d6 7. Bg2 b5 8. O-O a5 9. Re1 b4 10. c4 a4 11. a3 axb3 12. axb4 Rxa1 13. Bxa1 Qb6 14. b5 e6 15. e4 exd5 16. exd5 Bf5 17. Qxb3 Nbd7 18. Nbd2 Re8 19. Rxe8+ Nxe8 20. Bxg7 Kxg7 21. Nh4 Qa5 22. Nxf5+ gxf5 23. Qb2+ Kg6 24. Nf3 Qb4 25. Nh4+ Kg5 26. f4+ Kh6 27. Nxf5+ Kg6 28. Qc2 Qe1+ 29. Bf1 Kf6 30. Kg2 Ng7 31. Nxd6 Ke7 32. Qe4+ Qxe4+ 33. Nxe4 Ne8 34. Kf3 Nd6 35. Nxd6 Kxd6 36. Bd3 h6 37. g4 f6 38. h4 Nb6 39. g5 fxg5 40. fxg5 hxg5 41. h5 Nd7 42. h6 Nf6 43. h7 1-0


[Site "https://www.chess.com"]

[Event "Titled Tuesday Blitz May 24 Early 2022"]
[White "Solovchuk, Oleksiy"]
[Black "Gu, Xiaobing"]
[WhiteFideId "14115220"]
[BlackFideId "8602611"]
[WhiteElo "2305"]
[BlackElo "2174"]
[Result "1-0"]
[Round "01"]
[TimeControl "180+1"]
[Date "2022.05.25"]
[WhiteClock "0:00:38"]
[BlackClock "0:00:18"]

1. c4 Nf6 2. Nc3 g6 3. d4 Bg7 4. e4 O-O 5. e5 Ne8 6. f4 d6 7. Nf3 c5 8. dxc5 Qa5 9. exd6 exd6 10. Bd2 Qxc5 11. Ne4 Qb6 12. Qb3 Bxb2 13. Rb1 Qxb3 14. axb3 Bg7 15. Bd3 Nc6 16. O-O Bg4 17. h3 Bxf3 18. Rxf3 Nd4 19. Rff1 Rd8 20. Nc3 Nc7 21. Be4 b6 22. f5 Be5 23. Bg5 f6 24. Bh6 Rfe8 25. fxg6 f5 26. Nd5 Ne2+ 27. Kf2 Nc3 28. Nxc3 Bxc3 29. Bxf5 hxg6 30. Bd3 Kh7 31. Bg5 Rd7 32. Kg3 Ne6 33. Bf6 Be5+ 34. Kg4 Nd4 35. Bxe5 dxe5 36. Be4 Nf5 37. Rxf5 Rd4 38. Rf7+ Kg8 39. Rbf1 Rxe4+ 40. Kg5 Re3 41. Rxa7 Rg3+ 42. Kh6 g5 43. Rf6 e4 44. Rg7+ Kh8 45. Rfg6 e3 46. Rh7# 1-0


[Site "https://www.chess.com"]

[Event "Titled Tuesday Blitz May 24 Early 2022"]
[White "Soumya, Swaminathan"]
[Black "Levitskiy, Andrey"]
[WhiteFideId "5016193"]
[BlackFideId "14132885"]
[WhiteElo "2115"]
[BlackElo "2301"]
[Result "0-1"]
[Round "01"]
[TimeControl "180+1"]
[Date "2022.05.25"]
[WhiteClock "0:00:02"]
[BlackClock "0:01:06"]

1. d4 Nf6 2. c4 e6 3. Nf3 Bb4+ 4. Nbd2 d6 5. Qc2 Nbd7 6. e4 e5 7. a3 Bxd2+ 8. Bxd2 O-O 9. dxe5 Nxe5 10. Nxe5 dxe5 11. Bb4 Re8 12. Rd1 Bd7 13. c5 Qc8 14. Be2 Bc6 15. f3 a5 16. Bc3 a4 17. O-O Nh5 18. Bc4 Nf4 19. Kh1 Bd7 20. Qf2 Be6 21. Bb5 c6 22. Bxe5 Ng6 23. Bc3 cxb5 24. f4 Bc4 25. Rfe1 Qg4 26. Qd4 Nxf4 27. Rd2 Ne6 28. Qe5 Rad8 29. Rxd8 Rxd8 0-1


[Site "https://www.chess.com"]

[Event "Titled Tuesday Blitz May 24 Early 2022"]
[White "Stanisz, Patryk"]
[Black "Prokofiev, Valentyn"]
[WhiteFideId "1123106"]
[BlackFideId "14160161"]
[WhiteElo "1833"]
[BlackElo "2174"]
[Result "0-1"]
[Round "01"]
[TimeControl "180+1"]
[Date "2022.05.25"]
[WhiteClock "0:00:54"]
[BlackClock "0:01:53"]

1. d4 Nf6 2. c4 g6 3. Nc3 c5 4. Nf3 Bg7 5. e4 d6 6. Be2 O-O 7. O-O Na6 8. d5 e6 9. h3 Re8 10. Bg5 h6 11. Bf4 exd5 12. exd5 Bf5 13. a3 Nc7 14. Qd2 Kh7 15. Rfe1 Ne4 16. Nxe4 Bxe4 17. Rac1 b5 18. b3 Rb8 19. Qa5 Rb7 20. Nd2 Bd4 21. Nxe4 Rxe4 22. Bg3 Qg5 23. h4 Qxg3 0-1


[Site "https://www.chess.com"]

[Event "Titled Tuesday Blitz May 24 Early 2022"]
[White "Stepanencu, Nicodim-Cosmin"]
[Black "Zhigalko, Sergei"]
[WhiteFideId "1256220"]
[BlackFideId "13502956"]
[WhiteElo "1945"]
[BlackElo "2662"]
[Result "0-1"]
[Round "01"]
[TimeControl "180+1"]
[Date "2022.05.24"]
[WhiteClock "0:00:02"]
[BlackClock "0:00:03"]

1. b3 e5 2. Bb2 d6 3. Nf3 Nf6 4. d4 e4 5. Nfd2 d5 6. e3 Bd6 7. c4 c6 8. Nc3 O-O 9. Rc1 Be6 10. cxd5 Bxd5 11. Qc2 Re8 12. Be2 Nbd7 13. O-O h5 14. Nc4 Bc7 15. Rfd1 Rc8 16. Qd2 Qe7 17. h3 Red8 18. a4 Bb8 19. Ba3 Qe6 20. Bb4 Nf8 21. Nxd5 cxd5 22. Ne5 Ng6 23. Nxg6 fxg6 24. Rxc8 Rxc8 25. Rc1 Rd8 26. Ba5 Qd6 27. g3 b6 28. Bb4 Qe6 29. h4 Kh7 30. Qc2 Qh3 31. Bf1 Qf5 32. Be7 Rd7 33. Bxf6 Qxf6 34. Qc6 Qf7 35. Qc8 Bd6 36. Bh3 Re7 37. Rc6 Qf6 38. Qd8 Rf7 39. Qd7 Qxf2+ 40. Kh1 Rxd7 41. Bxd7 Qxg3 0-1


[Site "https://www.chess.com"]

[Event "Titled Tuesday Blitz May 24 Early 2022"]
[White "Stromboli, Ettore"]
[Black "Preotu, Razvan"]
[WhiteFideId "813761"]
[BlackFideId "2613280"]
[WhiteElo "2414"]
[BlackElo "2407"]
[Result "0-1"]
[Round "01"]
[TimeControl "180+1"]
[Date "2022.05.25"]
[WhiteClock "0:00:02"]
[BlackClock "0:00:31"]

1. e4 c5 2. Nf3 d6 3. d4 cxd4 4. Nxd4 Nf6 5. f3 e5 6. Bb5+ Nbd7 7. Nf5 d5 8. exd5 a6 9. Bxd7+ Bxd7 10. Ne3 Bc5 11. O-O Bb5 12. Rf2 Bxe3 13. Bxe3 Nxd5 14. Qe1 Nxe3 15. c4 Nxc4 16. a4 Bc6 17. b3 Nd6 18. Qxe5+ Qe7 19. Qxg7 Qe1+ 20. Rf1 Qe3+ 21. Kh1 O-O-O 22. Nc3 Rhg8 23. Qf6 Rg6 24. Nd5 Bxd5 25. Rac1+ Bc6 26. Qh4 0-1


[Site "https://www.chess.com"]

[Event "Titled Tuesday Blitz May 24 Early 2022"]
[White "Svane, Rasmus"]
[Black "Koutlas, Nikolaos"]
[WhiteFideId "4657101"]
[BlackFideId "25827138"]
[WhiteElo "2674"]
[BlackElo "1645"]
[Result "1-0"]
[Round "01"]
[TimeControl "180+1"]
[Date "2022.05.24"]
[WhiteClock "0:00:40"]
[BlackClock "0:00:16"]

1. Nf3 c5 2. c4 Nc6 3. Nc3 g6 4. e3 Bg7 5. d4 d6 6. Be2 Nf6 7. h3 cxd4 8. exd4 O-O 9. d5 Nb4 10. O-O a5 11. Nd4 Bd7 12. Be3 Rc8 13. Re1 Na6 14. Bf1 Nc5 15. Rc1 Nfe4 16. Nxe4 Nxe4 17. b3 a4 18. Qd3 Nc5 19. Qc3 b5 20. b4 bxc4 21. Bxc4 Ne4 22. Qd3 Nf6 23. Nc6 Bxc6 24. dxc6 Rxc6 25. Bxf7+ Rxf7 26. Rxc6 Nd7 27. Bd4 Qf8 28. Bxg7 Kxg7 29. Qd4+ Ne5 30. Rc7 Rf4 31. Re4 Rxe4 32. Qxe4 Qf7 33. b5 Qxa2 34. Rxe7+ Kf6 35. Qh4+ g5 36. Qxh7 Qa1+ 37. Kh2 Qd4 38. Qg7+ Kf5 39. Qf8+ Ke4 40. Qf3# 1-0


[Site "https://www.chess.com"]

[Event "Titled Tuesday Blitz May 24 Early 2022"]
[White "Swiercz, Dariusz"]
[Black "Lamaze, Simon"]
[WhiteFideId "1126881"]
[BlackFideId "36069264"]
[WhiteElo "2627"]
[BlackElo "1999"]
[Result "1-0"]
[Round "01"]
[TimeControl "180+1"]
[Date "2022.05.24"]
[WhiteClock "0:00:05"]
[BlackClock "0:00:12"]

1. Nf3 Nf6 2. b3 g6 3. Bb2 Bg7 4. e3 O-O 5. d4 d5 6. Be2 b6 7. Nbd2 Bb7 8. O-O Nbd7 9. c4 c5 10. Rc1 Rc8 11. dxc5 Nxc5 12. cxd5 Bxd5 13. Nc4 Bb7 14. Bd4 Re8 15. Nce5 Nfd7 16. Bb5 a6 17. Nxd7 Nxd7 18. Bxg7 axb5 19. Bb2 Nc5 20. Qxd8 Rexd8 21. Bd4 f6 22. h3 e5 23. Bxc5 bxc5 24. Rc2 e4 25. Nd2 Rd3 26. Rfc1 Rcd8 27. Nf1 Rd1 28. Rxc5 Rxc1 29. Rxc1 Rd7 30. Ra1 b4 31. a3 bxa3 32. Rxa3 Rd1 33. g4 Bc6 34. Kg2 h5 35. gxh5 gxh5 36. Ng3 h4 37. Nf5 Kf7 38. Ra7+ Kf8 39. Nxh4 Bb5 40. Ng6+ Kg8 41. Nf4 Rb1 42. Nd5 Bf1+ 43. Kg3 Be2 44. Nxf6+ Kf8 45. Kf4 Rxb3 46. h4 Bf3 47. h5 Rb6 48. Kg5 Rb5+ 49. Kg6 1-0


[Site "https://www.chess.com"]

[Event "Titled Tuesday Blitz May 24 Early 2022"]
[White "Sydoryka, Vladyslav"]
[Black "Martinez Alcantara, Jose Eduardo"]
[WhiteFideId "14145928"]
[BlackFideId "3805662"]
[WhiteElo "2283"]
[BlackElo "2690"]
[Result "0-1"]
[Round "01"]
[TimeControl "180+1"]
[Date "2022.05.24"]
[WhiteClock "0:00:03"]
[BlackClock "0:00:38"]

1. c4 c5 2. g3 Nc6 3. Bg2 g6 4. Nc3 Bg7 5. Nf3 d6 6. O-O e6 7. Rb1 Nge7 8. a3 b6 9. b4 Rb8 10. e3 O-O 11. d4 cxd4 12. exd4 d5 13. c5 bxc5 14. bxc5 Rxb1 15. Nxb1 Nf5 16. Be3 Qa5 17. g4 Nxe3 18. fxe3 e5 19. h3 exd4 20. exd4 Re8 21. Kh1 h6 22. Nbd2 Qxa3 23. Re1 Rxe1+ 24. Qxe1 Be6 25. Qg1 Qc3 26. Nb1 Qb2 27. Qd1 Nxd4 28. Nxd4 Bxd4 29. c6 Be5 30. Nd2 Qc3 31. Nf3 Bf6 32. Qa4 Kg7 33. Qa6 d4 34. Ng1 d3 35. Bf3 d2 36. Qa4 a5 37. Qd1 Bb3 38. Qe2 a4 39. Qf1 a3 40. Ne2 Qxf3+ 41. Qxf3 d1=Q+ 42. Kg2 Bd5 0-1


[Site "https://www.chess.com"]

[Event "Titled Tuesday Blitz May 24 Early 2022"]
[White "Tari, Aryan"]
[Black "Dounis, Alexandros"]
[WhiteFideId "1510045"]
[BlackFideId "4213238"]
[WhiteElo "2567"]
[BlackElo "2204"]
[Result "1-0"]
[Round "01"]
[TimeControl "180+1"]
[Date "2022.05.24"]
[WhiteClock "0:00:59"]
[BlackClock "0:00:07"]

1. c4 Nf6 2. g3 g6 3. Bg2 d5 4. cxd5 Nxd5 5. Nc3 Nxc3 6. bxc3 Bg7 7. Rb1 Nc6 8. h4 h5 9. Nf3 O-O 10. O-O b6 11. Ng5 Bb7 12. d4 Na5 13. Bxb7 Nxb7 14. e4 c5 15. Be3 Rc8 16. Qd3 Qd7 17. d5 c4 18. Qd2 Nc5 19. Bd4 Nd3 20. Bxg7 Kxg7 21. Qe3 e5 22. dxe6 fxe6 23. Qd4+ Qxd4 24. Nxe6+ Kf6 25. Nxd4 Ke5 26. f3 Rfd8 27. Rb5+ Kf6 28. f4 Rxd4 29. cxd4 c3 30. Rb3 Rc4 31. Rd1 Nb4 32. Rc1 c2 33. Rb2 Rxd4 34. e5+ Kf5 35. Rbxc2 Nxc2 36. Rxc2 Kg4 37. Kf2 Rd3 38. e6 Rd8 39. e7 Re8 40. Rc7 a5 41. a4 Kf5 42. Rb7 Kf6 43. Rxb6+ Kxe7 44. Rxg6 Rb8 45. Ra6 Rb2+ 46. Kf3 Rb3+ 47. Kg2 Rb2+ 48. Kh3 Ra2 49. Rxa5 Kf6 50. Rxh5 Rxa4 51. Rg5 Ra1 52. h5 Ra8 53. Kg4 Ra1 54. h6 Kf7 55. h7 Ra8 56. Rg8 Rxg8+ 57. hxg8=Q+ Kf6 1-0


[Site "https://www.chess.com"]

[Event "Titled Tuesday Blitz May 24 Early 2022"]
[White "Tarigan, Gilbert Elroy"]
[Black "Balint, Vilmos"]
[WhiteFideId "7108133"]
[BlackFideId "718050"]
[WhiteElo "1908"]
[BlackElo "2059"]
[Result "1-0"]
[Round "01"]
[TimeControl "180+1"]
[Date "2022.05.25"]
[WhiteClock "0:01:08"]
[BlackClock "0:01:28"]

1. e4 e6 2. d4 d5 3. Nc3 Bb4 4. e5 Ne7 5. Bd2 c5 6. Nb5 Bxd2+ 7. Qxd2 O-O 8. dxc5 Nd7 9. Nf3 Nxc5 10. Bd3 Nxd3+ 11. cxd3 a6 12. Nd6 f6 13. d4 Ng6 14. O-O Qb6 15. Qe3 Bd7 16. Rfe1 Rab8 17. Rac1 Qxb2 18. Rc7 Rfd8 19. exf6 gxf6 20. Rxd7 Rxd7 21. Qxe6+ Kh8 22. Qxd7 1-0


[Site "https://www.chess.com"]

[Event "Titled Tuesday Blitz May 24 Early 2022"]
[White "Tasev, Dejan"]
[Black "Nugumanov, Bakhtiyar"]
[WhiteFideId "936618"]
[BlackFideId "13701797"]
[WhiteElo "2253"]
[BlackElo "2262"]
[Result "1-0"]
[Round "01"]
[TimeControl "180+1"]
[Date "2022.05.25"]
[WhiteClock "0:00:10"]
[BlackClock "0:00:02"]

1. e4 c6 2. d4 d5 3. Nc3 dxe4 4. Nxe4 Nf6 5. Nxf6+ exf6 6. c3 Bd6 7. Bd3 Na6 8. Qc2 Nc7 9. Ne2 Nd5 10. a3 Qc7 11. h3 h5 12. Bd2 Kf8 13. O-O g6 14. f4 f5 15. c4 Nf6 16. Rae1 c5 17. d5 Ne4 18. Bxe4 fxe4 19. Bc3 Rg8 20. Qxe4 Bf5 21. Qf3 h4 22. Nc1 b5 23. b3 b4 24. axb4 cxb4 25. Bb2 a5 26. Nd3 a4 27. Rc1 axb3 28. c5 Bxd3 29. cxd6 Qb6+ 30. Rf2 Bc2 31. Re1 Qxd6 32. Be5 Qb6 33. d6 Rd8 34. Kh2 Bf5 35. Rd2 Qb5 36. Qxb3 Qd7 37. Qxb4 Rc8 38. Qb6 Be6 39. Qf2 g5 40. fxg5 Rxg5 41. Qxh4 Rg8 42. Bf6 Ke8 43. Rde2 Qxd6+ 44. Be5 Qc6 45. Bg3 Rd8 46. Rxe6+ fxe6 47. Qh5+ Kd7 48. Rd1+ Ke7 49. Qh7+ Kf6 50. Bh4+ Ke5 51. Re1+ Kd4 52. Rd1+ Ke3 53. Rg1 Rxg2+ 54. Rxg2 1-0


[Site "https://www.chess.com"]

[Event "Titled Tuesday Blitz May 24 Early 2022"]
[White "Tristan, Leonardo"]
[Black "Keller, Peter"]
[WhiteFideId "113816"]
[BlackFideId "1272105"]
[WhiteElo "2404"]
[BlackElo "2275"]
[Result "1-0"]
[Round "01"]
[TimeControl "180+1"]
[Date "2022.05.25"]
[WhiteClock "0:00:38"]
[BlackClock "0:00:19"]

1. d4 Nf6 2. Nf3 d5 3. Bf4 c5 4. e3 Nc6 5. Nbd2 cxd4 6. exd4 Bg4 7. c3 e6 8. Qb3 Qc8 9. Bd3 Be7 10. O-O O-O 11. Rae1 a6 12. Qc2 b5 13. a3 Bh5 14. Ne5 Qb7 15. Re3 Rfc8 16. Qb1 a5 17. Rh3 Bg6 18. Nxg6 hxg6 19. b4 axb4 20. axb4 Ra3 21. Nb3 Rca8 22. Bc2 R3a6 23. Qd1 Nb8 24. Re1 Nbd7 25. Bg5 Nf8 26. Bc1 Ne4 27. Rhe3 Nd6 28. Nc5 Qc8 29. Nxa6 Rxa6 30. Bd3 Nc4 31. Bxc4 bxc4 32. g3 Nd7 33. h4 Nf6 34. f3 Qb8 35. Kg2 Bd6 36. f4 Ne4 37. Rxe4 dxe4 38. Rxe4 Qb7 39. Qf3 Ra2+ 40. Kh3 Rf2 41. Qxf2 Qxe4 42. Kh2 f5 43. Bd2 Kf7 44. Qg2 Qc2 45. Be1 Qd3 46. Qb2 Be7 47. b5 Bd6 48. b6 Bb8 49. b7 g5 50. hxg5 Kg6 51. Bf2 Kh5 52. Bg1 Kg4 53. Qg2 Qxc3 54. Qh3+ Kf3 55. g4+ Ke4 56. Qxc3 Bxf4+ 57. Kg2 1-0


[Site "https://www.chess.com"]

[Event "Titled Tuesday Blitz May 24 Early 2022"]
[White "Tymrakiewicz, Rafal"]
[Black "Kovalev, Vladislav"]
[WhiteFideId "1108832"]
[BlackFideId "13504398"]
[WhiteElo "2205"]
[BlackElo "2530"]
[Result "0-1"]
[Round "01"]
[TimeControl "180+1"]
[Date "2022.05.25"]
[WhiteClock "0:00:04"]
[BlackClock "0:00:25"]

1. e4 e5 2. Nf3 Nc6 3. Nc3 Nf6 4. Bc4 Nxe4 5. O-O Nf6 6. Re1 Be7 7. Nxe5 Nxe5 8. Rxe5 d6 9. Re1 d5 10. Be2 d4 11. Nb1 O-O 12. Bf3 Bd6 13. d3 h6 14. Nd2 c6 15. Ne4 Bc7 16. Bd2 Nd5 17. Qc1 Re8 18. c4 dxc3 19. bxc3 Bf5 20. g3 Nf6 21. Qc2 Nxe4 22. dxe4 Be6 23. Be3 Be5 24. Red1 Qf6 25. Be2 Bxc3 26. Rab1 Rab8 27. Bxa7 Ra8 28. Rxb7 g5 29. a4 Be5 30. Bc5 Red8 31. Rbb1 g4 32. Rxd8+ Qxd8 33. Rd1 Qa5 34. Kg2 Qxa4 35. Qxa4 Rxa4 36. Bd3 Ra2 37. Be3 Kg7 38. Rd2 Rxd2 39. Bxd2 Bd4 40. f4 gxf3+ 41. Kxf3 c5 42. Be3 Bxe3 43. Kxe3 Kf6 44. Kf4 Ke7 45. Ba6 Kd6 46. Bb7 c4 47. Ba6 Kc5 48. Ke5 c3 49. Bd3 Bb3 50. Kf6 Kd4 51. Bb1 Ba2 52. Bc2 Ke3 53. e5 Kd2 54. Bf5 Bc4 55. Be4 Bd3 56. Bxd3 Kxd3 57. Kxf7 c2 58. e6 c1=Q 59. e7 Qc4+ 60. Kf8 Qc5 61. Kf7 Qf5+ 62. Kg7 Qe6 63. Kf8 Qf6+ 64. Kg8 Qxe7 0-1


[Site "https://www.chess.com"]

[Event "Titled Tuesday Blitz May 24 Early 2022"]
[White "Urquhart, Ed"]
[Black "Bocharov, Dmitry"]
[WhiteFideId "2603748"]
[BlackFideId "4138716"]
[WhiteElo "2184"]
[BlackElo "2541"]
[Result "0-1"]
[Round "01"]
[TimeControl "180+1"]
[Date "2022.05.25"]
[WhiteClock "0:00:19"]
[BlackClock "0:01:21"]

1. e4 c5 2. Nc3 a6 3. Nf3 d6 4. d4 cxd4 5. Nxd4 Nf6 6. Bd3 g6 7. O-O Bg7 8. Bg5 h6 9. Bh4 Nbd7 10. h3 Qb6 11. Nb3 Ne5 12. Kh1 Be6 13. f4 Nxd3 14. cxd3 g5 15. Bf2 Qd8 16. f5 Bd7 17. Bd4 Bc6 18. Rc1 O-O 19. Ne2 e5 20. fxe6 fxe6 21. Ng3 Qe7 22. Nh5 Nxh5 23. Qxh5 e5 24. Be3 Qe6 25. Na5 Bb5 26. Nc4 Rxf1+ 27. Rxf1 Bxc4 28. dxc4 Qxc4 29. Rf3 Rf8 30. Rxf8+ Kxf8 31. Qf3+ Ke7 32. b3 Qe6 33. Qd1 Bf6 34. Qc2 Kd7 35. Bb6 Bd8 36. Bxd8 Kxd8 37. Qd1 Kc7 38. Qh5 Qf6 39. Qe2 Kb8 40. Qc4 h5 41. a4 g4 42. hxg4 hxg4 43. Qd3 Kc7 44. b4 Qh4+ 45. Kg1 g3 46. Qc4+ Kb8 47. Qe6 Qh2+ 48. Kf1 Qh1+ 49. Ke2 Qxg2+ 50. Kd3 Qf3+ 51. Kd2 Qf2+ 52. Kd3 Qd4+ 53. Kc2 Qxe4+ 54. Kb3 Qd3+ 55. Kb2 Ka7 56. Qg4 Qd4+ 0-1


[Site "https://www.chess.com"]

[Event "Titled Tuesday Blitz May 24 Early 2022"]
[White "Vakhlamov, Igor L."]
[Black "Akhmedinov, Satbek"]
[WhiteFideId "24126748"]
[BlackFideId "13714287"]
[WhiteElo "2401"]
[BlackElo "1846"]
[Result "1-0"]
[Round "01"]
[TimeControl "180+1"]
[Date "2022.05.25"]
[WhiteClock "0:01:47"]
[BlackClock "0:01:23"]

1. e4 c5 2. Nf3 Nc6 3. Nc3 Nf6 4. Bb5 g6 5. Bxc6 dxc6 6. e5 Nd5 7. Ne4 Bg7 8. Nxc5 Nf4 9. O-O Qd5 10. d4 g5 11. b3 Bg4 12. Bxf4 gxf4 13. c4 Bxf3 14. cxd5 Bxd1 15. Rfxd1 cxd5 16. Nxb7 f6 17. e6 Rb8 18. Nc5 f5 19. Rac1 O-O 20. Nd7 Rb6 21. Nxb6 axb6 22. Rc6 Ra8 23. a4 b5 24. axb5 Bxd4 25. g3 f3 26. Rcc1 Bb6 27. Rxd5 Ra2 28. Rf1 Rb2 29. Rd3 Kg7 30. Rxf3 Kf6 31. Re1 Ba5 32. Re4 Rb1+ 33. Kg2 Rd1 34. Ref4 Rd5 35. g4 Kxe6 36. Rxf5 Rd1 37. Re3+ Kd7 38. Rf7 Bd8 39. Rxh7 Rd5 40. Rh5 Rd4 41. h3 Rb4 42. Rd5+ 1-0


[Site "https://www.chess.com"]

[Event "Titled Tuesday Blitz May 24 Early 2022"]
[White "Visakh N R"]
[Black "Cervantes Landeiro, Thalia"]
[WhiteFideId "25012223"]
[BlackFideId "3520498"]
[WhiteElo "2448"]
[BlackElo "2021"]
[Result "1-0"]
[Round "01"]
[TimeControl "180+1"]
[Date "2022.05.24"]
[WhiteClock "0:01:25"]
[BlackClock "0:00:22"]

1. e4 c5 2. Nf3 d6 3. Bb5+ Nd7 4. O-O a6 5. Bxd7+ Bxd7 6. c4 Nf6 7. Nc3 g6 8. d4 cxd4 9. Nxd4 Bg7 10. f3 O-O 11. Be3 Rc8 12. Qe2 Qc7 13. b3 b5 14. Nd5 Nxd5 15. cxd5 Bxd4 16. Bxd4 Qc2 17. Qe3 Qc7 18. h4 e5 19. dxe6 fxe6 20. Rfc1 Qb7 21. Rd1 e5 22. Bb2 Rc2 23. Rd2 Rfc8 24. Rad1 Be8 25. h5 Qe7 26. Ba3 Rxd2 27. Qxd2 gxh5 28. Bxd6 Qe6 29. Qg5+ Bg6 30. Bxe5 Qb6+ 31. Kh2 Re8 32. Rd7 Qe6 33. Rg7+ Kf8 34. Qf4+ Bf7 35. Rxh7 Ke7 36. Bd6+ 1-0


[Site "https://www.chess.com"]

[Event "Titled Tuesday Blitz May 24 Early 2022"]
[White "Vittorino, Carlo Giovanni"]
[Black "Taboas Rodriguez, Daniel"]
[WhiteFideId "4401247"]
[BlackFideId "2208466"]
[WhiteElo "2233"]
[BlackElo "2429"]
[Result "0-1"]
[Round "01"]
[TimeControl "180+1"]
[Date "2022.05.25"]
[WhiteClock "0:00:10"]
[BlackClock "0:01:09"]

1. d4 Nf6 2. c4 g6 3. Nc3 Bg7 4. e4 d6 5. h3 O-O 6. Bg5 c5 7. d5 e6 8. Bd3 exd5 9. exd5 Re8+ 10. Nge2 Nbd7 11. O-O Ne5 12. Qd2 Nxd3 13. Qxd3 h6 14. Bf4 Bf5 15. Qd2 Ne4 16. Nxe4 Rxe4 17. Be3 Rxc4 18. Nc3 h5 19. Rfe1 Qa5 20. Bh6 Bxc3 21. bxc3 Qxc3 22. Qxc3 Rxc3 23. Re7 b5 24. Rae1 Rd3 25. Rb7 Rxd5 26. Rxb5 Be6 27. Bf4 Rd4 28. Bg3 Bxa2 29. Re7 Be6 30. Rbb7 a5 31. Ra7 Rxa7 32. Rxa7 a4 33. Ra6 f6 34. Bxd6 c4 35. Ra7 c3 36. Ba3 c2 37. Kh2 Rd1 38. Rc7 Bb3 39. Bb2 Rb1 40. Ba3 h4 41. g3 hxg3+ 42. fxg3 Ra1 43. Bb2 Ra2 44. Bxf6 c1=Q+ 0-1


[Site "https://www.chess.com"]

[Event "Titled Tuesday Blitz May 24 Early 2022"]
[White "Vo, Thi Kim Phung"]
[Black "Timofeev, Artyom"]
[WhiteFideId "12401838"]
[BlackFideId "4140419"]
[WhiteElo "2261"]
[BlackElo "2594"]
[Result "1/2-1/2"]
[Round "01"]
[TimeControl "180+1"]
[Date "2022.05.25"]
[WhiteClock "0:00:10"]
[BlackClock "0:00:22"]

1. d4 Nf6 2. c4 g6 3. Nc3 d5 4. Bg5 Ne4 5. cxd5 Nxg5 6. h4 e6 7. hxg5 exd5 8. f4 c5 9. dxc5 Be6 10. Qd4 Rg8 11. Rxh7 Nc6 12. Qa4 Bxc5 13. Nf3 Qb6 14. O-O-O O-O-O 15. Kb1 Kb8 16. Ka1 Be3 17. g3 d4 18. Ne4 Bf5 19. Nf6 Nb4 20. Ne1 Rh8 21. Rxf7 Rh1 22. Nd3 Nxd3 23. exd3 Qc6 24. Qxc6 bxc6 25. Ne4 Bxe4 26. dxe4 d3 27. Kb1 Rg1 28. e5 d2 29. Kc2 Rxg3 30. e6 Re8 31. Bc4 Rg4 32. Rxd2 Rxf4 33. Rxf4 Bxf4 34. Rf2 Bxg5 35. Rg2 Be7 36. Rxg6 Kc7 37. Rg3 Rd8 38. Rd3 Rxd3 39. Kxd3 a5 40. a4 Bb4 41. b3 Kd8 42. Ke4 Ke7 43. Kd4 Kd6 44. Ke4 Ke7 45. Kf5 Bc3 46. Ke4 Bb4 1/2-1/2


[Site "https://www.chess.com"]

[Event "Titled Tuesday Blitz May 24 Early 2022"]
[White "Vovk, Orest"]
[Black "Shevtchenko, Olesya"]
[WhiteFideId "14113490"]
[BlackFideId "24131890"]
[WhiteElo "2203"]
[BlackElo "2003"]
[Result "1-0"]
[Round "01"]
[TimeControl "180+1"]
[Date "2022.05.25"]
[WhiteClock "0:00:08"]
[BlackClock "0:00:03"]

1. h4 d5 2. h5 h6 3. e4 dxe4 4. Nc3 Nf6 5. Qe2 Nc6 6. Nxe4 e5 7. Nf3 Bg4 8. Rh4 Nd4 9. Nxf6+ Qxf6 10. Rxg4 Nxe2 11. Bxe2 Bc5 12. d3 O-O-O 13. Bd2 Rhe8 14. O-O-O Qa6 15. Kb1 e4 16. Ne1 Bxf2 17. Rxg7 Qf6 18. Rg4 Bd4 19. Bc1 Rd6 20. dxe4 Rb6 21. Nd3 a5 22. Bf3 Qd8 23. Nf4 Rd6 24. Nd5 c6 25. Rxd4 cxd5 26. exd5 Re1 27. Rge4 Rxe4 28. Bxe4 Qf6 29. Rc4+ Kb8 30. Bf3 Rb6 31. b3 Ka8 32. a4 Ka7 33. Be3 Qe7 34. Bxb6+ Kxb6 35. Rd4 Qe1+ 36. Kb2 Qe5 37. c3 f6 38. Kc2 Qf5+ 39. Rd3 Kc5 40. d6 Qd7 41. Be4 b5 42. axb5 Kxb5 43. Rd5+ Kb6 44. Bf5 Qb7 45. c4 Qg7 46. g4 Qg5 47. d7 Qf4 48. d8=Q+ Kc6 49. Qd7+ Kb6 50. Rb5+ Ka6 51. Qb7# 1-0


[Site "https://www.chess.com"]

[Event "Titled Tuesday Blitz May 24 Early 2022"]
[White "Vusatiuk, Vladimir"]
[Black "Zakhartsov, Vladimir"]
[WhiteFideId "14118610"]
[BlackFideId "4145097"]
[WhiteElo "2157"]
[BlackElo "2428"]
[Result "0-1"]
[Round "01"]
[TimeControl "180+1"]
[Date "2022.05.24"]
[WhiteClock "0:00:08"]
[BlackClock "0:00:20"]

1. d4 Nf6 2. Bg5 Ne4 3. Bf4 d5 4. Nd2 Nf6 5. e3 c5 6. Ngf3 Nc6 7. c4 cxd4 8. exd4 g6 9. Be2 Bg7 10. O-O O-O 11. h3 Be6 12. c5 Ne4 13. Be3 f5 14. Nb3 f4 15. Bd2 g5 16. Bc3 Bf5 17. Nbd2 e6 18. Nxe4 dxe4 19. Ne5 Nxe5 20. dxe5 Qc7 21. Qd6 Rac8 22. Qxc7 Rxc7 23. Rfd1 Rxc5 24. Bb4 Rc2 25. Bxf8 Kxf8 26. Bg4 Bxg4 27. hxg4 Bxe5 28. Rd7 Bxb2 29. Rb1 b6 30. Rxa7 Bd4 31. Rxh7 Bxf2+ 32. Kh1 Bd4 33. Rd7 e5 34. a4 Rc6 35. a5 Rh6# 0-1


[Site "https://www.chess.com"]